 Dungeon Crawl Stone Soup version 0.19.1 (webtiles) character file.

76713 lorenzova the Eclecticist (level 15, -6/86 HPs)
             Began as a Deep Elf Conjurer on Dec 6, 2016.
             Was a High Priest of Vehumet.
             Engulfed by a cloud of freezing vapour (32 damage)
             ... in an ice cave.
             The game lasted 01:23:51 (26286 turns).

lorenzova the Eclecticist (Deep Elf Conjurer)      Turns: 26286, Time: 01:23:51

Health: -6/86      AC: 11    Str:  5    XL:     15   Next: 13%
Magic:  45/45      EV: 15    Int: 27    God:    Vehumet [*****.]
Gold:   1453       SH:  7    Dex: 15    Spells: 8 memorised, 15 levels left

rFire  . . .     SeeInvis .     J - staff of conjuration
rCold  . . .     Gourm    .     W - +2 robe "Dudui" {rPois}
rNeg   . . .     Faith    .     n - +2 buckler
rPois  +         Spirit   .     (no helmet)
rElec  .         Reflect  .     C - +0 cloak
rCorr  .         Harm     .     z - +0 pair of gloves
MR     ++...                    O - +2 pair of boots
Stlth  +.........               g - amulet of magic regeneration
                                t - ring of magical power
                                m - ring of protection from magic

@: no status effects
A: no striking features
a: Renounce Religion


You were in an ice cave.
You worshipped Vehumet.
Vehumet was extremely pleased with you.
You were very hungry.

You visited 4 branches of the dungeon, and saw 20 of its levels.
You also visited: Ice Cave.

You collected 1453 gold pieces.

Inventory:

Hand Weapons
 w - the +1 glaive of Recklessness {drain, Str+5 Int+4}
   (You found it on level 1 of the Swamp)

   A truly terrible weapon, it drains the life of those it strikes.
   It affects your strength (+5).
   It affects your intelligence (+4).
 E - the +9 scimitar "Tetehygh" {slice, rPois}
   (You found it on level 8 of the Dungeon)

   It inflicts extra damage upon your enemies.
   It protects you from poison.
Missiles
 l - 8 silver javelins (quivered)
Armour
 n - a +2 buckler (worn)
 z - a +0 pair of gloves (worn)
 C - a +0 cloak (worn)
 O - a +2 pair of boots (worn)
 W - the +2 robe "Dudui" (worn) {rPois}
   (You found it on level 6 of the Lair of Beasts)

   It protects you from poison.
Magical Staves
 J - an uncursed staff of conjuration (weapon)
Jewellery
 g - an amulet of magic regeneration (around neck)
 m - a ring of protection from magic (left hand)
 s - an uncursed ring of resist corrosion
 t - a ring of magical power (right hand)
 H - an uncursed ring of fire
Wands
 y - a wand of disintegration (4/24)
Scrolls
 a - 2 scrolls of vulnerability
 d - 6 scrolls of teleportation
 i - 7 scrolls of blinking
 j - 5 scrolls of remove curse
 k - 4 scrolls of enchant armour
 o - 5 scrolls of fog
 p - 4 scrolls of enchant weapon
 q - 2 scrolls of fear
 r - 3 scrolls of recharging
 u - 2 scrolls of identify
 x - 2 scrolls of amnesia
 I - 2 scrolls of noise
 M - a scroll of immolation
Potions
 e - 2 potions of invisibility
 f - 5 potions of curing
 h - 2 potions of cancellation
 v - 2 potions of agility
 A - 3 potions of brilliance
 B - 4 potions of might
 D - a potion of heal wounds
 F - a potion of beneficial mutation {unknown}
 G - 2 potions of degeneration {unknown}
 L - a potion of flight {unknown}
 Q - 2 potions of resistance {unknown}
 S - a potion of haste {unknown}
Miscellaneous
 b - a box of beasts
Comestibles
 c - 11 bread rations
 K - a beef jerky


   Skills:
 - Level 7.2 Fighting
 - Level 9.0 Armour
 + Level 5.3 Dodging
 - Level 2.4 Stealth
 - Level 5.0 Shields
 + Level 15.7 Spellcasting
 + Level 14.1 Conjurations
 + Level 11.9 Charms
 * Level 10.4 Fire Magic
 - Level 5.8 Air Magic


You had 15 spell levels left.
You knew the following spells:

 Your Spells              Type           Power        Failure   Level  Hunger
a - Magic Dart            Conj           ####         0%          1    None
b - Iskenderun's Battles  Conj/Chrm      #######.     1%          5    None
c - Iskenderun's Mystic   Conj           #######.     1%          4    None
f - Fireball              Conj/Fire      #######...   1%          5    None
g - Swiftness             Chrm/Air       ######..     1%          2    None
h - Repel Missiles        Chrm/Air       ######       1%          2    None
l - Lightning Bolt        Conj/Air       #######...   1%          5    None
m - Bolt of Fire          Conj/Fire      #######...   1%          6    ####...


Dungeon Overview and Level Annotations

Branches:
Dungeon (10/15)            Temple (1/1) D:6            Lair (6/6) D:9
  Swamp (3/4) Lair:3        Snake (0/4) Lair:2        Slime (0/5) Lair:6
    Orc: D:9-12

Altars:
Ashenzari
Cheibriados
Dithmenos
Elyvilon
Fedhas
Gozag
Hepliaklqana
Kikubaaqudgha
Makhleb
Nemelex Xobeh
Okawaru
Qazlal
Ru
Sif Muna
Trog
Uskayaw
Vehumet
Xom
Yredelemnul
Zin
The Shining One
Jiyva

Portals:
Hell: Lair:6


Message History

The ettin simulacrum vapourises!
Vehumet accepts your kill.
You feel your power returning.
You hear a sizzling sound!
Your battlesphere fires!
You start resting.
Magic restored.
You swap places.
You enter the shallow water.
Moving in this stuff is going to be slow.
You are engulfed in freezing vapours.
Your battlesphere is engulfed in freezing vapours. x3
You swap places.
You are engulfed in freezing vapours.
Your battlesphere is engulfed in freezing vapours. x3
You are engulfed in freezing vapours.
Your battlesphere is engulfed in freezing vapours. x3
You enter the shallow water.
Moving in this stuff is going to be slow.
You are engulfed in freezing vapours.
You die...

#### #########
...## ###§§§@#*§#
....##
###..§§§#§##§≈#
##...####...###§###
#≈≈≈#
≈###..#...##≈≈###
#≈≈≈#
≈≈##...#########
≈≈≈≈≈
≈≈##########...###
≈≈≈≈ #≈#
##.(...##..### ≈≈≈
### ##...⌠...###..#
≈≈≈ .##
#..≈.....##...##


There were no monsters in sight!

Vanquished Creatures
  An acid blob (Lair:6)
  Kirke (Swamp:3)
  A thorn hunter (Swamp:2)
  Louise (Swamp:2)
  An entropy weaver (Lair:4)
  The ghost of omegacute the Grappler, a journeyman TrBe of Trog (Lair:3)
  A dire elephant (Lair:6)
  A blizzard demon (IceCv)
  The ghost of buskinjo the Severer, a journeyman HOGl of Beogh (Lair:3)
  12 hydras
  A ghost crab (Swamp:2)
  A queen ant (Lair:4)
  2 death yaks (Lair:5)
  6 alligators
  Urug (Lair:2)
  A sixfirhy (Lair:6)
  An unseen horror (D:10)
  2 shambling mangroves
  A wizard (Lair:6)
  4 swamp dragons
  A necromancer (Swamp:2)
  3 oklob plants (Lair:2)
  The ghost of SeriousVitamin the Cleaver, a novice DsCK of Xom (D:6)
  An elephant (Lair:6)
  An ice statue (IceCv)
  Joseph (D:7)
  4 black mambas
  A smoke demon (Lair:6)
  2 orange demons (Lair:6)
  10 spiny frogs
  5 rime drakes
  A freezing wraith (IceCv)
  8 komodo dragons
  2 golden dragon simulacra (IceCv)
  2 trolls
  5 red devils (Lair:6)
  A hellwing (Lair:6)
  4 hydra zombies (Swamp:2)
  7 hornets
  A polar bear (Lair:3)
  A wolf spider simulacrum (IceCv)
  5 tyrant leeches
  An alligator zombie (Swamp:3)
  9 slime creatures (Swamp:1)
  2 blink frogs (Lair:6)
  6 hippogriffs
  7 bog bodies
  14 dream sheep
  A shadow (Swamp:2)
  20 yaks
  3 dire elephant simulacra (IceCv)
  A vampire (D:10)
  2 wyverns (Lair:5)
  3 spriggans
  5 hogs (Swamp:3)
  A basilisk (Lair:6)
  5 vampire mosquitoes (Lair:3)
  Menkaure (D:4)
  15 swamp worms
  An iron troll simulacrum (IceCv)
  2 harpy simulacra (IceCv)
  4 nagas (Lair:2)
  20 soldier ants
  A hydra simulacrum (IceCv)
  6 porcupines
  13 water moccasins
  2 hell hounds (Lair:6)
  3 ice beasts
  An orc warrior (D:10)
  11 swamp drakes
  2 sky beasts (D:5)
  A hornet zombie (D:6)
  3 phantoms
  A black bear (Lair:3)
  2 ettin simulacra (IceCv)
  9 ogres
  11 wolves
  2 centaurs
  14 crocodiles
  2 big kobolds
  10 bullfrogs
  A scorpion (D:5)
  A water moccasin skeleton (D:10)
  5 electric eels
  A bullfrog zombie (D:8)
  A howler monkey (D:6)
  A centaur zombie (D:8)
  5 crimson imps
  3 draconian simulacra (IceCv)
  10 hounds
  2 quasits
  5 jellies
  2 orc priests
  14 orc wizards
  3 bullfrog skeletons
  2 spriggan simulacra (IceCv)
  5 hell rats (Lair:4)
  2 polar bear simulacra (IceCv)
  24 worker ants
  3 troll simulacra (IceCv)
  5 centaur simulacra (IceCv)
  A hound skeleton (D:7)
  Robin (D:6)
  A worker ant zombie (D:8)
  9 adders
  10 gnolls
  A howler monkey skeleton (D:5)
  2 naga simulacra (IceCv)
  4 ogre simulacra (IceCv)
  2 shadow imps
  6 white imps (IceCv)
  2 ufetubi (IceCv)
  An ooze (D:1)
  An adder zombie (D:8)
  2 worms
  3 dart slugs
  5 leopard geckos
  27 orcs
  A ball python (D:8)
  4 bats
  10 giant cockroaches
  17 goblins
  9 hobgoblins
  11 jackals
  3 quokkas
  2 frilled lizards (D:2)
  A giant cockroach zombie (D:5)
  16 kobolds
  2 leopard gecko skeletons
  8 rats
  A plant (Lair:2)
583 creatures vanquished.

Vanquished Creatures (others)
  2 white imps (IceCv)
  6 fungi (Lair:6)
8 creatures vanquished.

Grand Total: 591 creatures vanquished

Notes
Turn   | Place    | Note
-------+----------+-------------------------------------------
     0 | D:1      | lorenzova the Deep Elf Conjurer began the quest for the Orb.
     0 | D:1      | Reached XP level 1. HP: 10/10 MP: 6/6
   396 | D:1      | Reached XP level 2. HP: 15/15 MP: 0/8
   513 | D:1      | Reached skill level 5 in Conjurations
  1049 | D:2      | Noticed Robin
  1280 | D:2      | Reached XP level 3. HP: 19/19 MP: 5/9
  1726 | D:2      | Reached XP level 4. HP: 24/24 MP: 3/11
  1732 | D:2      | Learned a level 4 spell: Iskenderun's Mystic Blast
  1876 | D:2      | Reached skill level 4 in Spellcasting
  1980 | D:2      | Found a basalt altar of Yredelemnul.
  1984 | D:2      | Found a shadowy altar of Dithmenos.
  3123 | D:3      | Found a deep blue altar of Sif Muna.
  3146 | D:3      | Reached XP level 5. HP: 14/28 MP: 1/14
  3482 | D:3      | Reached skill level 5 in Spellcasting
  3530 | D:3      | Found a burning altar of Makhleb.
  5147 | D:4      | Found a shimmering altar of Xom.
  5189 | D:4      | Noticed Menkaure
  5681 | D:4      | Reached XP level 6. HP: 32/32 MP: 13/16
  5688 | D:4      | Learned a level 5 spell: Iskenderun's Battlesphere
  5728 | D:4      | Killed Menkaure
  5728 | D:4      | Reached skill level 6 in Spellcasting
  6115 | D:4      | Reached skill level 7 in Spellcasting
  6115 | D:4      | Reached XP level 7. HP: 36/36 MP: 10/19
  6169 | D:4      | Found a basalt altar of Yredelemnul.
  6561 | D:5      | Entered Level 5 of the Dungeon
  6759 | D:5      | Reached skill level 8 in Spellcasting
  7300 | D:6      | Noticed SeriousVitamin's ghost (novice DsCK)
  7633 | D:6      | Reached XP level 8. HP: 41/41 MP: 17/22
  7660 | D:6      | Reached skill level 9 in Spellcasting
  7927 | D:6      | Killed SeriousVitamin's ghost
  7927 | D:6      | Reached skill level 10 in Spellcasting
  8292 | D:6      | Reached skill level 10 in Conjurations
  8293 | D:6      | Killed Robin
  8549 | D:6      | Reached XP level 9. HP: 24/45 MP: 15/25
  8766 | D:6      | Found a staircase to the Ecumenical Temple.
  8777 | Temple   | Entered the Ecumenical Temple
  9090 | Temple   | Became a worshipper of Vehumet
  9233 | D:7      | Noticed Joseph
  9249 | D:7      | Killed Joseph
  9249 | D:7      | Reached skill level 11 in Spellcasting
  9249 | D:7      | Reached skill level 1 in Charms
  9542 | D:7      | Got a crude quarterstaff
  9547 | D:7      | Identified the +1 quarterstaff of Opsuxket {crush, +Rage Str-3 Int+3 Stlth+} (You found it on level 7 of the Dungeon)
  9642 | D:7      | Found a white marble altar of Elyvilon.
 10306 | D:8      | Reached * piety under Vehumet
 10306 | D:8      | Offered knowledge of Freeze by Vehumet.
 10452 | D:8      | Got a transparent scimitar
 10453 | D:8      | Identified the +9 scimitar "Tetehygh" {slice, rPois} (You found it on level 8 of the Dungeon)
 10714 | D:8      | Reached skill level 12 in Spellcasting
 10793 | D:8      | Found a bloodstained altar of Trog.
 10794 | D:8      | Found a shattered altar of Ashenzari.
 10936 | D:8      | Reached skill level 5 in Charms
 11296 | D:9      | Reached XP level 10. HP: 50/50 MP: 11/28
 11398 | D:9      | Found a staircase to the Lair.
 11416 | D:9      | Offered knowledge of Throw Flame by Vehumet.
 11469 | D:9      | Reached ** piety under Vehumet
 11982 | D:10     | Entered Level 10 of the Dungeon
 12236 | D:10     | Reached skill level 13 in Spellcasting
 12587 | D:10     | Killed an unseen horror
 12672 | D:10     | Offered knowledge of Mephitic Cloud by Vehumet.
 13416 | Lair:1   | Entered Level 1 of the Lair of Beasts
 13523 | Lair:1   | Reached skill level 1 in Armour
 13523 | Lair:1   | Reached skill level 1 in Shields
 13667 | Lair:1   | Reached XP level 11. HP: 54/54 MP: 18/30
 14031 | Lair:1   | Reached *** piety under Vehumet
 14297 | Lair:2   | Found a staircase to the Snake Pit.
 14467 | Lair:2   | Noticed Urug
 14471 | Lair:2   | Killed Urug
 14492 | Lair:2   | Noticed an oklob plant
 14495 | Lair:2   | Killed an oklob plant
 14496 | Lair:2   | Noticed an oklob plant
 14496 | Lair:2   | Noticed an oklob plant
 14522 | Lair:2   | Killed an oklob plant
 14576 | Lair:2   | Killed an oklob plant
 14620 | Lair:2   | Got a slimy ring mail
 14635 | Lair:2   | Identified the +3 ring mail of This Worked Last Time {rC+} (You found it on level 2 of the Lair of Beasts)
 15001 | Lair:3   | Reached skill level 5 in Shields
 15049 | Lair:3   | Noticed buskinjo's ghost (journeyman HOGl)
 15056 | Lair:3   | Killed buskinjo's ghost
 15056 | Lair:3   | Reached skill level 1 in Fighting
 15056 | Lair:3   | Reached skill level 5 in Armour
 15089 | Lair:3   | Offered knowledge of Ignite Poison by Vehumet.
 15123 | Lair:3   | Learned a level 3 spell: Ignite Poison
 15175 | Lair:3   | Noticed omegacute's ghost (journeyman TrBe)
 15182 | Lair:3   | Killed omegacute's ghost
 15384 | Lair:3   | Noticed a seven-headed hydra
 15386 | Lair:3   | Killed a seven-headed hydra
 15534 | Lair:3   | Reached XP level 12. HP: 66/66 MP: 24/31
 15550 | Lair:3   | Found a staircase to the Swamp.
 16103 | Lair:4   | Reached **** piety under Vehumet
 16142 | Lair:4   | Offered knowledge of Venom Bolt by Vehumet.
 16365 | Lair:4   | Noticed an entropy weaver
 16381 | Lair:3   | Reached skill level 5 in Fighting
 16590 | Lair:4   | Killed an entropy weaver
 16741 | Lair:4   | Got a wavering zirconium amulet
 16789 | Lair:4   | Identified the amulet "Suppoiso" {Gourm Str+4} (You found it on level 4 of the Lair of Beasts)
 16825 | Lair:4   | Noticed a queen ant
 17218 | Lair:4   | Killed a queen ant
 17221 | Lair:4   | Noticed an entropy weaver
 17764 | Lair:5   | Noticed a death yak
 17770 | Lair:5   | Noticed a death yak
 17770 | Lair:5   | Killed a death yak
 17774 | Lair:5   | Killed a death yak
 17934 | Lair:5   | Noticed a seven-headed hydra
 17937 | Lair:5   | Killed a seven-headed hydra
 17937 | Lair:5   | Reached ***** piety under Vehumet
 18009 | Lair:5   | Offered knowledge of Bolt of Fire by Vehumet.
 18018 | Lair:5   | Learned a level 6 spell: Bolt of Fire
 18280 | Lair:5   | Reached skill level 1 in Fire Magic
 18459 | Lair:5   | Reached XP level 13. HP: 52/76 MP: 27/32
 18899 | Lair:6   | Entered Level 6 of the Lair of Beasts
 18970 | Lair:6   | Found a staircase to the Slime Pits.
 18971 | Lair:6   | Found a viscous altar of Jiyva.
 18996 | Lair:6   | Reached skill level 14 in Spellcasting
 19226 | Lair:6   | Learned a level 2 spell: Repel Missiles
 19229 | Lair:6   | Learned a level 2 spell: Swiftness
 19235 | Lair:6   | Learned a level 5 spell: Lightning Bolt
 19457 | Lair:6   | Reached skill level 5 in Fire Magic
 19457 | Lair:6   | Reached skill level 1 in Air Magic
 19522 | Lair:6   | Got a smoking robe
 19533 | Lair:6   | Identified the +2 robe "Dudui" {rPois} (You found it on level 6 of the Lair of Beasts)
 19880 | Lair:6   | Noticed a dire elephant
 19883 | Lair:6   | Killed a dire elephant
 20382 | Lair:6   | Found a burning altar of Makhleb.
 20519 | Lair:6   | Noticed an acid blob
 20522 | Lair:6   | Killed an acid blob
 20675 | Lair:6   | Found a gateway to Hell.
 20728 | Lair:6   | Reached XP level 14. HP: 82/82 MP: 28/34
 21467 | Lair:1   | Learned a level 5 spell: Fireball
 21565 | Swamp:1  | Entered Level 1 of the Swamp
 21567 | Swamp:1  | Reached skill level 10 in Charms
 21567 | Swamp:1  | Reached skill level 5 in Air Magic
 21757 | Swamp:1  | Offered knowledge of Conjure Ball Lightning by Vehumet.
 22256 | Swamp:1  | Reached skill level 15 in Spellcasting
 22309 | Swamp:1  | Got a bloodstained glaive
 22315 | Swamp:1  | Identified the +1 glaive of Recklessness {drain, Str+5 Int+4} (You found it on level 1 of the Swamp)
 22463 | Swamp:1  | Found a basalt altar of Yredelemnul.
 22798 | Swamp:2  | Noticed Louise
 22985 | Swamp:2  | Killed Louise
 23237 | Swamp:2  | Noticed a thorn hunter
 23297 | Swamp:2  | Killed a thorn hunter
 23857 | Swamp:3  | Reached skill level 10 in Fire Magic
 24034 | Swamp:3  | Noticed Kirke
 24041 | Swamp:3  | Found a frozen archway.
 24045 | Swamp:3  | Killed Kirke
 24045 | Swamp:3  | Reached skill level 5 in Dodging
 24045 | Swamp:3  | Reached XP level 15. HP: 68/86 MP: 5/36
 24124 | IceCv    | Entered an ice cave
 24127 | IceCv    | Offered knowledge of Ozocubu's Refrigeration by Vehumet.
 24262 | IceCv    | HP: 2/86 [golden dragon simulacrum (23)]
 25417 | IceCv    | HP: 1/86 [something (24)]
 26286 | IceCv    | Engulfed by a cloud of freezing vapour

Skill      XL: |  1  2  3  4  5  6  7  8  9 10 11 12 13 14 |
---------------+-------------------------------------------+-----
Conjurations   | 5 6 7 8 10 11 12 13 14 | 14.1
Spellcasting   | 4 5 7 8 10 12 13 14 15 | 15.7
Charms         | 5 8 9 11 | 11.9
Armour         | 2 6 9 |  9.0
Shields        | 2 5 |  5.0
Fighting       | 3 7 |  7.2
Fire Magic     | 1 7 10 | 10.4
Air Magic      | 4 5 |  5.8
Dodging        | 5 |  5.3
Stealth        | |  2.4

Action                   |  1- 3 |  4- 6 |  7- 9 | 10-12 | 13-15 || total
-------------------------+-------+-------+-------+-------+-------++-------
Melee: Quarterstaff      |       |       |     1 |       |       ||     1
       Staff             |       |       |       |     3 |     4 ||     7
       Scimitar          |       |       |       |       |     9 ||     9
Throw: Javelin           |       |       |     1 |       |       ||     1
 Cast: Magic Dart        |    74 |   138 |   228 |   221 |   203 ||   864
       Iskenderun's Myst |       |    10 |    34 |   134 |   123 ||   301
       Iskenderun's Batt |       |       |    27 |    72 |    80 ||   179
       Bolt of Fire      |       |       |       |       |    75 ||    75
       Swiftness         |       |       |       |       |     4 ||     4
       Fireball          |       |       |       |       |     9 ||     9
       Repel Missiles    |       |       |       |       |     1 ||     1
Evoke: Wand              |       |       |       |     1 |       ||     1
  Use: Potion            |       |     3 |       |     1 |     1 ||     5
       Scroll            |       |       |     9 |     8 |    11 ||    28
  Eat: Chunk             |     2 |     9 |    19 |    18 |    23 ||    71
       Royal jelly       |       |     2 |       |     1 |       ||     3
       Pizza             |       |     1 |       |       |     1 ||     2
       Beef jerky        |       |       |     1 |       |     4 ||     5
       Bread ration      |       |       |       |     1 |       ||     1
       Fruit             |       |       |       |     1 |       ||     1
       Meat ration       |       |       |       |       |     1 ||     1
Armor: Robe              |     3 |     1 |     4 |       |    12 ||    20
       Troll leather arm |       |       |       |    10 |       ||    10
       Ring mail         |       |       |       |    22 |     5 ||    27
Dodge: Dodged            |    15 |     8 |    29 |    28 |    27 ||   107
       Deflected         |       |       |       |       |     2 ||     2
Block: Buckler           |       |       |       |    16 |    21 ||    37
